 Dungeon Crawl Stone Soup version 0.24-b1 (webtiles) character file.

Game seed: 17355138352368320427, levelgen mode: deterministic

35 Kohma the Magician (level 3, -4/25 HPs)
             Began as a Gnoll Wizard on Oct 13, 2019.
             Killed from afar by an orc wizard (11 damage)
             ... with a puff of frost
             ... on level 2 of the Dungeon.
             The game lasted 00:04:48 (1181 turns).

Kohma the Magician (Gnoll Wizard)                   Turns: 1181, Time: 00:04:49

Health: -4/25      AC:  2    Str: 10    XL:     3   Next: 35%
Magic:  0/11       EV: 14    Int: 20    God:
Gold:   64         SH:  0    Dex: 13    Spells: 9/16 levels left

rFire    . . .     SeeInvis .   a - +0 hunting sling
rCold    . . .     Gourm    .   (no shield)
rNeg     . . .     Faith    .   l - +0 robe
rPois    .         Spirit   .   k - +0 hat
rElec    .         Reflect  .   (no cloak)
rCorr    .         Harm     .   (no gloves)
MR       .....                  (no boots)
Stlth    +++.......             (no amulet)
HPRegen  0.08/turn              (no ring)
MPRegen  0.12/turn              (no ring)

@: no status effects
A: distributed training, fangs 1, strong nose
a: no special abilities


You were on level 2 of the Dungeon.
You were hungry.

You visited 1 branch of the dungeon, and saw 2 of its levels.

You collected 64 gold pieces.

Inventory:

Hand Weapons
 a - a +0 hunting sling (weapon)
 b - a +0 spear
 g - a +0 short sword
Missiles
 c - 20 stones (quivered)
 h - 15 sling bullets
 j - 7 curare-tipped darts
Armour
 k - a +0 hat (worn)
 l - a +0 robe (worn)
Scrolls
 e - a scroll of remove curse {unknown}
Potions
 i - a potion of might {unknown}
 m - a potion of resistance {unknown}
 n - a potion of berserk rage {unknown}
Comestibles
 d - 2 rations


   Skills:
 + Level 0.7 Fighting
 + Level 0.7 Short Blades
 + Level 0.7 Long Blades
 + Level 0.7 Axes
 + Level 0.7 Maces & Flails
 + Level 0.7 Polearms
 + Level 0.7 Staves
 + Level 0.7 Slings
 + Level 0.7 Bows
 + Level 0.7 Crossbows
 + Level 0.7 Throwing
 + Level 0.7 Armour
 + Level 4.5 Dodging
 + Level 4.1 Stealth
 + Level 0.7 Shields
 + Level 0.7 Unarmed Combat
 + Level 7.1 Spellcasting
 + Level 2.1 Conjurations
 + Level 0.5 Hexes
 + Level 0.5 Charms
 + Level 2.1 Summonings
 + Level 0.5 Necromancy
 + Level 2.1 Translocations
 + Level 0.5 Transmutations
 + Level 0.5 Fire Magic
 + Level 0.5 Ice Magic
 + Level 0.5 Air Magic
 + Level 0.5 Earth Magic
 + Level 0.5 Poison Magic
 + Level 0.9 Invocations
 + Level 0.7 Evocations


You had 9 spell levels left.
You knew the following spells:

 Your Spells              Type           Power        Failure   Level  Hunger
a - Magic Dart            Conj           ###.         3%          1    None
b - Blink                 Tloc           N/A          6%          2    None
c - Call Imp              Summ           ###.....     6%          2    None
d - Slow                  Hex            #.......     12%         2    None

Your spell library contained the following spells:

 Spells                   Type           Power        Failure   Level  Hunger
 Conjure Flame            Conj/Fire      ##......     16%         3    #......
 Mephitic Cloud           Conj/Pois/Air  ##......     19%         3    #......


Dungeon Overview and Level Annotations

Branches:
Dungeon (2/15)

Altars:


Innate Abilities, Weirdness & Mutations

Your experience applies equally to all skills.
You have very sharp teeth.
Your uncanny sense of smell can sniff out nearby items.


Message History

The orc wizard hits your shadow imp but does no damage.
Your shadow imp gestures at the orc wizard.
The orc wizard writhes in agony.
The orc wizard gestures at you while chanting.
The magic dart hits your shadow imp!
Your shadow imp dies!
The orc wizard closely misses you.
The orc wizard hits you with a +0 dagger.
* * * LOW HITPOINT WARNING * * *
Casting: Magic Dart (safe; 3% risk of failure)
Confirm with . or Enter, or press ? or * to list all spells.
You blink.
The orc wizard mumbles some strange words.
The orc wizard blinks!
Casting: Blink (safe; 6% risk of failure)
Confirm with . or Enter, or press ? or * to list all spells.
You don't have enough magic to cast that spell.
The orc wizard casts a spell at you. The puff of frost hits you!
You die...

###### #...<# #.#####
#.###.#.# #...#.#..
#.....#.. # #.#.#.#.# [#
#.#.#.#.# ..# #.#.#@#.#
#######..###
#.#...#.#.###........#..
∆
........o..............
#.......#.###.......(##.
#####.###o.......#.#...†
...........o.....(....
###.#######(.[......(#
.....................
.#.#######.#...(.....


You could see an orc priest and an orc wizard.

Vanquished Creatures
  6 bats (D:1)
  A giant cockroach (D:1)
  5 goblins (D:1)
  6 hobgoblins
  4 jackals (D:2)
  2 frilled lizards (D:1)
  3 kobolds (D:1)
  3 rats (D:1)
30 creatures vanquished.

Notes
Turn   | Place    | Note
-------+----------+-------------------------------------------
     0 | D:1      | Kohma the Gnoll Wizard began the quest for the Orb.
     0 | D:1      | Reached XP level 1. HP: 13/13 MP: 8/8
     6 | D:1      | Noticed a swamp drake
     6 | D:1      | Noticed a hog
     6 | D:1      | Noticed an anaconda
     7 | D:1      | Noticed a swamp worm
   323 | D:1      | Reached XP level 2. HP: 19/19 MP: 7/10
   597 | D:1      | Learned a level 2 spell: Blink
   600 | D:1      | Learned a level 2 spell: Call Imp
   603 | D:1      | Learned a level 2 spell: Slow
   807 | D:1      | Reached XP level 3. HP: 25/25 MP: 9/11
  1181 | D:2      | Killed from afar by an orc wizard

Skill      XL: |  1 |
---------------+----+-----
Conjurations   | 2 |  2.1
Summonings     | 2 |  2.1
Translocations | 2 |  2.1
Fighting       | |  0.7
Short Blades   | |  0.7
Long Blades    | |  0.7
Axes           | |  0.7
Maces & Flails | |  0.7
Polearms       | |  0.7
Staves         | |  0.7
Slings         | |  0.7
Bows           | |  0.7
Crossbows      | |  0.7
Throwing       | |  0.7
Armour         | |  0.7
Dodging        | |  4.5
Stealth        | |  4.1
Shields        | |  0.7
Unarmed Combat | |  0.7
Spellcasting   | |  7.1
Hexes          | |  0.5
Charms         | |  0.5
Necromancy     | |  0.5
Transmutations | |  0.5
Fire Magic     | |  0.5
Ice Magic      | |  0.5
Air Magic      | |  0.5
Earth Magic    | |  0.5
Poison Magic   | |  0.5
Invocations    | |  0.9
Evocations     | |  0.7

Action                   || total
-------------------------++-------
Melee: Short sword       ||     6
       Bite              ||     1
 Fire: Hunting sling     ||     9
 Cast: Magic Dart        ||    47
       Blink             ||     2
       Call Imp          ||     2
Armor: Robe              ||     2
Dodge: Dodged            ||    15
